 Seeded DCSS version 0.31-a0-208-gdb31a4691d (webtiles) character file.

Game seed: 11368340539538574604 (custom seed)

33 innerfire43 the Trooper (level 3, -3/29 HPs)
             Began as a Demonspawn Monk on June 28, 2023.
             Slain by a gnoll
             ... wielding a +0 club
              (4 damage)
             ... on level 2 of the Dungeon.
             The game lasted 00:00:43 (907 turns).

innerfire43 the Trooper (Demonspawn Monk)            Turns: 907, Time: 00:00:43

Health: -3/29      AC:  3    Str: 13    XL:     3   Next: 12%
Magic:  3/3        EV: 13    Int: 11    God:
Gold:   74         SH:  0    Dex: 15    Spells: 2/2 levels left

rFire   . . .        a - +0 mace
rCold   . . .        d - orb {light}
rNeg    . . .        b - +0 robe
rPois   .            (no helmet)
rElec   .            (no cloak)
rCorr   .            i - +0 pair of gloves
SInv    .            (no boots)
Will    +....        (no amulet)
Stlth   +            (no ring)
HPRegen 0.24/turn    (no ring)
MPRegen 0.08/turn

%: no passive effects
@: enlightened, flying, glowing
A: hooves 1
a: no special abilities


You were on level 2 of the Dungeon.
You visited 1 branch of the dungeon, and saw 2 of its levels.

You collected 74 gold pieces.

Inventory:

Hand Weapons
 a - a +0 mace (weapon)
Armour
 b - a +0 robe (worn)
 d - an orb of light (worn)
 i - a +0 pair of gloves (worn)
Scrolls
 e - a scroll of fog {unknown}
 f - a scroll of torment {unknown}
Potions
 c - a potion of ambrosia
 h - a potion of heal wounds {unknown}


   Skills:
 * Level 3.5 Fighting
 * Level 3.2 Maces & Flails
 + Level 3.0 Dodging


You had 2 spell levels left.
You didn't know any spells.
Your spell library was empty.

Dungeon Overview and Level Annotations

Branches:
Dungeon (2/15)

Altars:

Shops:
D:1 ?


Innate Abilities, Weirdness & Mutations

You have large cloven feet.


Message History

There is an open door here.
You open the door.
There is an open door here.
A goblin comes into view. It is wielding a +0 club.
The goblin shouts!
The goblin hits you but does no damage.
You barely miss the goblin. You kick the goblin.
You kill the goblin!
A rat comes into view.
A gnoll comes into view. It is wielding a +0 club.
There are monsters nearby!
The gnoll shouts!
You hear a shout!
The rat misses you.
A gnoll comes into view. It is wielding a +0 spear.
There are monsters nearby!
You sock the rat!
You kill the rat!
Your Dodging skill increases to level 3!
There are monsters nearby!
A gnoll comes into view. It is wielding a +0 club.
The gnoll shouts!
The gnoll hits you with a +0 club.
There are monsters nearby!
You hit the gnoll.
The gnoll is lightly wounded.
The gnoll barely misses you. The gnoll closely misses you.
There are monsters nearby!
You hit the gnoll. You kick the gnoll, but do no damage.
The gnoll is heavily wounded.
The gnoll hits you from afar with a +0 spear.
The gnoll hits you with a +0 club.
The gnoll hits you from afar with a +0 spear.
* * * LOW HITPOINT WARNING * * *
The gnoll hits you with a +0 club!
* * * LOW HITPOINT WARNING * * *
It was a potion of enlightenment.
You feel very buoyant.
You fly up into the air.
The gnoll closely misses you. The gnoll hits you with a +0 club.
You die...

######
......######################
............................
######..##############.#####
##....## #)# ####.@# #.#
##.gg.# #.# ####g# #.# ..
#.# #.. #.# . #.#


You could see 3 gnolls.

Vanquished Creatures
  A gnoll (D:1)
  A dart slug (D:1)
  2 ball pythons (D:1)
  2 endoplasms (D:1)
  A goblin (D:2)
  4 hobgoblins (D:1)
  A bat (D:1)
  A frilled lizard (D:1)
  6 kobolds (D:1)
  2 rats
21 creatures vanquished.

Notes
Turn   | Place    | Note
-------+----------+-------------------------------------------
     0 | D:1      | innerfire43 the Demonspawn Monk began the quest for the
                  | Orb.
     0 | D:1      | Reached XP level 1. HP: 18/18 MP: 1/1
   311 | D:1      | Found Voneorhazarph's Magic Scroll Emporium.
   319 | D:1      | Gained mutation: You have large cloven feet. [demonic
                  | ancestry]
   319 | D:1      | Reached XP level 2. HP: 22/24 MP: 2/2
   603 | D:1      | Reached XP level 3. HP: 29/29 MP: 3/3
   906 | D:2      | HP: 1/29 [gnoll/+0 club (7)]
   907 | D:2      | Slain by a gnoll

Illustrated notes

Levels and vault maps discovered:
D:1:      saegor_arrival_simple_a, layout_basic, serial_shops, shop
D:2:      layout_basic, shapermc_ecumenical_altar_mp_vishouse

Skill      XL: |  1  2  3 |
---------------+----------+-----
Maces & Flails | 3 |  3.2
Dodging        | 3 |  3.0
Fighting       | |  3.5

Action                     || total
---------------------------++-------
  Melee: Mace              ||    49
         Kick              ||     6
    Use: Potion            ||     1
 Armour: Robe              ||     6
  Dodge: Dodged            ||    37

Table legend: (Time is in decaauts)
 A = Elapsed time spent in this place.
 B = Non-inter-level travel time spent in this place.
 C = Inter-level travel time spent in this place.
 D = Time resting spent in this place.
 E = Time spent auto-exploring this place.
 F = Levels seen in this place.
 G = Mean time per level.
                   A        B        C        D        E       F      G
               +--------+--------+--------+--------+--------+-----+--------+
         Total |    919 |    919 |      0 |      0 |    773 |   2 |  459.5 |
       Dungeon |    919 |    919 |      0 |      0 |    773 |   2 |  459.5 |
               +--------+--------+--------+--------+--------+-----+--------+

Top non-repeatable levels by time:
     D:1: 804 daAuts
     D:2: 114 daAuts
